 Dungeon Crawl Stone Soup version 0.21-a0-404-g291f19a (webtiles) character file.

12 Kilingo the Skirmisher (level 2, -15/27 HPs)
             Began as a Hill Orc Berserker on Oct 30, 2017.
             Was a Follower of Trog.
             Demolished by a titan simulacrum (30 damage)
             ... summoned by a vampire mage
             ... on level 1 of the Abyss.
             The game lasted 00:09:23 (197 turns).

Kilingo the Skirmisher (Hill Orc Berserker)          Turns: 197, Time: 00:09:24

Health: -15/27     AC:  8    Str: 19    XL:     2   Next: 33%
Magic:  2/2        EV:  7    Int:  7    God:    Trog [*.....]
Gold:   24         SH:  0    Dex: 10    Spells: 1/1 levels left

rFire    . . .     SeeInvis .   a - +0 mace
rCold    . . .     Gourm    .   (no shield)
rNeg     . . .     Faith    .   b - +0 chain mail
rPois    .         Spirit   .   (no helmet)
rElec    .         Reflect  .   (no cloak)
rCorr    .         Harm     .   (no gloves)
MR       .....                  (no boots)
Stlth    ..........             (no amulet)
HPRegen  0.09/turn              (no ring)
MPRegen  0.08/turn              (no ring)

@: no status effects
A: no striking features
a: Berserk, Burn Spellbooks, Renounce Religion


You were on level 1 of the Abyss.
You worshipped Trog.
Trog was aware of your devotion.
You were not hungry.

You visited 1 branch of the dungeon, and saw 1 of its levels.
You visited the Abyss 1 time.

You collected 24 gold pieces.

Inventory:

Hand Weapons
 a - a +0 mace (weapon)
 e - a +0 spear
 i - a +0 rapier
Armour
 b - a +0 chain mail (worn)
 g - a +0 leather armour
Jewellery
 h - a cursed ring of teleportation
Scrolls
 d - a scroll of identify
Comestibles
 c - a bread ration
 f - 3 chunks of flesh


   Skills:
 + Level 4.0 Fighting
 + Level 3.6 Maces & Flails
 + Level 2.2 Armour
 * Level 1.7 Dodging


You had one spell level left.
You didn't know any spells.

Dungeon Overview and Level Annotations

Branches:
Dungeon (1/15)

Altars:


Message History

You finish taking off your +0 leather armour.
You start putting on your armour.
You continue putting on your chain mail. x5
You finish putting on your +0 chain mail.
A vampire mage comes into view.
Found 61 gold pieces.
Wield which item (- for none, * to show all)? (? for menu, Esc to quit)
a - a +0 mace (weapon)
The vampire mage casts a spell.
As you read the scroll labeled HICOUT HOPRIECE, it crumbles to dust.
It is a scroll of identify.
h - a cursed ring of teleportation The vampire mage hits you but does no damage.
The vampire mage bites you.
The vampire mage draws strength from your injuries!
Something hits you!
Deactivating autopickup; reactivate with Ctrl-A.
The titan simulacrum hits you. The titan simulacrum freezes you!!
Ouch! That really hurt!
You die...

.... #..# # .
#.## .... #.##
..... #..# #
..#..####.##$#.#
.............. #
##. ##.#.####.#
##..###V##
+....@..#
##..#Z###
......._
.###..#.##
#..... #. #.# ..
..# .. ...


You could see a vampire mage and a titan simulacrum.

Vanquished Creatures
  A gnoll (D:1)
  A bat (D:1)
  A goblin (D:1)
3 creatures vanquished.

Notes
Turn   | Place    | Note
-------+----------+-------------------------------------------
     0 | D:1      | Kilingo the Hill Orc Berserker began the quest for the Orb.
     0 | D:1      | Reached XP level 1. HP: 19/19 MP: 1/1
    40 | D:1      | Reached skill level 4 in Fighting
    40 | D:1      | Reached XP level 2. HP: 14/27 MP: 2/2
   143 | D:1      | Cast into level 1 of the Abyss (goblin)
   179 | Abyss:1  | Noticed a vampire mage
   196 | Abyss:1  | Noticed a titan simulacrum
   197 | Abyss:1  | Found a stormy altar of Qazlal.
   197 | Abyss:1  | Demolished by a titan simulacrum

Vault maps used:
D:1:      dpeg_arrival_simpleton_b
Abyss:1:  evilmike_abyss_exit_10

Skill      XL: |  1 |
---------------+----+-----
Fighting       | 4 |  4.0
Maces & Flails | |  3.6
Armour         | |  2.2
Dodging        | |  1.7

Action                   || total
-------------------------++-------
Melee: Mace              ||    11
       Spear             ||     1
  Use: Scroll            ||     1
Armor: Animal skin       ||     1
       Leather armour    ||     1
       Chain mail        ||     1
Dodge: Dodged            ||     6

Table legend:
 A = Spawn XP
 B = Non-spawn XP
 C = Spawn XP percentage of total XP
 D = Spawn monster count
 E = Non-spawn monster count
 F = Spawn count percentage of total count
 G = Total turns spent on level
                    A         B        C        D         E        F      G
               +---------+---------+-------+---------+---------+-------+---------
         Total |       0 |      18 |   0.0 |       0 |       3 |   0.0 |   197
               +---------+---------+-------+---------+---------+-------+---------
           D:1 |       0 |      18 |   0.0 |       0 |       3 |   0.0 |   143
               +---------+---------+-------+---------+---------+-------+---------
